 Dungeon Crawl Stone Soup version 0.31-a0-986-g5e6e4ef867 (webtiles) character file.

Game seed: 15453783690238239963

112 Zonian the Conjurer (level 4, -1/24 HPs)
             Began as a Deep Elf Conjurer on Nov 13, 2023.
             Slain by an orc
             ... wielding a +0 flail
              (8 damage)
             ... on level 3 of the Dungeon.
             The game lasted 00:04:21 (2398 turns).

Zonian the Conjurer (Deep Elf Conjurer)             Turns: 2398, Time: 00:04:22

Health: -1/24      AC:  2    Str:  4    XL:     4   Next: 64%
Magic:  9/12       EV: 13    Int: 25    God:
Gold:   70         SH:  0    Dex: 13    Spells: 5/11 levels left

rFire   x . .        h - +4 whip {mace}
rCold   + . .        (no shield)
rNeg    . . .        a - +0 robe
rPois   .            (no helmet)
rElec   .            (no cloak)
rCorr   .            (no gloves)
SInv    .            (no boots)
Will    .....        (no amulet)
Stlth   ++           n - ring of ice
HPRegen 0.24/turn    (no ring)
MPRegen 0.13/turn

%: no passive effects
@: no status effects
A: no striking features
a: no special abilities


You were on level 3 of the Dungeon.
You visited 1 branch of the dungeon, and saw 3 of its levels.

You collected 70 gold pieces.


   Skills:
 + Level 3.5 Dodging
 + Level 3.7 Stealth
 + Level 4.0 Spellcasting
 + Level 5.0 Conjurations
 + Level 1.5 Hexes


You had 5 spell levels left.
You knew the following spells:

 Your Spells              Type           Power      Damage    Failure   Level
a - Magic Dart            Conj           100%       1d8       1%          1
b - Searing Ray           Conj           60%        2d6       1%          2
c - Dazzling Flash        Conj/Hex       42%        N/A       7%          3

Your spell library contained the following spells:

 Spells                   Type           Power      Damage    Failure   Level
 Summon Small Mammal      Summ           20%        N/A       9%          1
 Summon Guardian Golem    Hex/Summ       8%         N/A       21%         3
 Fulminant Prism          Conj/Hex       10%        3d8       24%         4
 Call Canine Familiar     Summ           5%         N/A       26%         3
 Iskenderun's Mystic Bla  Conj/Tloc      17%        2d5       32%         4

Inventory:

Hand Weapons
 c - a +0 dagger {short}
   (You found it on level 1 of the Dungeon)
 e - a +0 dagger {short}
   (You took it off a goblin on level 1 of the Dungeon)
 g - a +0 dagger {short}
   (You found it on level 1 of the Dungeon)
 h - a +4 whip (weapon) {mace}
   (You took it off a kobold on level 1 of the Dungeon)
 r - a +3 hand axe {axe}
   (You found it on level 3 of the Dungeon)
Missiles
 j - 5 boomerangs {throwing}
Armour
 a - a +0 robe (worn)
Jewellery
 n - a ring of ice (left hand)
   (You found it on level 2 of the Dungeon)
Scrolls
 i - 2 scrolls of poison {unknown}
 m - a scroll of teleportation {unknown}
 p - a scroll of enchant armour {unknown}
 q - a scroll of immolation {unknown}
Potions
 d - a potion of enlightenment {unknown}
 f - 3 potions of cancellation {unknown}
 k - a potion of curing {unknown}
 l - a potion of mutation {unknown}
 o - a potion of brilliance {unknown}

Dungeon Overview and Level Annotations

Branches:
Dungeon (3/15) Zot: 15602

Altars:
Vehumet

##...#..###...#
#.....#......
###...##....#
#####...........#
...#.##...#....#
###...####.#....#
...#....##......#
......#..##.....##.
#....@............ .
#.#..)o............
..#.#..)..#...###..#.
............#.# ..#
...........##.#.##.#
./.........†....# .
..........>.......
$...###.#.###....#.#
..†........#........


You could see an orc.


Message History

😕 HP[+1] 😕 MP[+1]
r - a +3 hand axe {axe} 😕 HP[+1]
There are no items here.
Unknown command.
Okay, then.
The magic dart hits the hobgoblin.
You kill the hobgoblin! 😎 HP[+1] MP[-1]
Your hp is fully restored (24).
You lost 1 mp, and now have 4/12 mp.
You can't see any susceptible monsters within range! (Use Z to cast anyway.)
You can't see any susceptible monsters within range! (Use Z to cast anyway.)
You start resting.
A dart slug is nearby! 😎 MP[+3]
You regained 3 mp, and now have 7/12 mp.
A dart slug is nearby!
A dart slug is nearby!
Unknown command.
The magic dart hits the dart slug. 😎 MP[-1]
You lost 1 mp, and now have 6/12 mp.
The magic dart hits the dart slug. 😎 MP[-1]
You lost 1 mp, and now have 5/12 mp.
The magic dart hits the dart slug.
You kill the dart slug!
The orc shouts!
You hear a shout!
You hear an angry hiss.
You hear a shout! 😎 MP[-1]
You lost 1 mp, and now have 4/12 mp.
The magic dart hits the orc.
You can't see any susceptible monsters within range! (Use Z to cast anyway.) Unknown command.
There are monsters nearby!
There are monsters nearby! 😎 MP[+1]
The magic dart hits the orc. 😎 MP[-1]
You lost 1 mp, and now have 4/12 mp.
The magic dart hits the orc!
You kill the orc! 😎 MP[-1]
You lost 1 mp, and now have 3/12 mp.
The magic dart hits the orc.
The orc hits you with a +0 dagger. 😕 HP[-1] MP[-1]
You take 1 damage, and now have 23/24 hp.
You lost 1 mp, and now have 2/12 mp.
Unknown command.
The magic dart hits the orc but does no damage.
The orc closely misses you. 😎 HP[+1] MP[-1]
Your hp is fully restored (24).
You lost 1 mp, and now have 1/12 mp.
The magic dart hits the orc.
The orc hits you with a +0 dagger. 😕 HP[-3] MP[-1]
You take 3 damage, and now have 21/24 hp.
You lost 1 mp, and now have 0/12 mp.
Unknown command.
You hit the orc but do no damage. The orc closely misses you. x2
You hit the orc.
You kill the orc! 😕 MP[+1] Unknown command.
Magic courses through your body.
The orc hits you with a +0 morningstar. 😮 HP[-5] MP[+11]
You take 5 damage, and now have 16/24 hp.
MASSIVE DAMAGE!! (PAUSE)
Your mp is fully restored (12).
You are too injured to fight recklessly!
You are too injured to fight recklessly!
Unknown command.
Casting: Magic Dart (safe; 1% risk of failure)
Confirm with . or Enter, or press ? or * to list all spells.
Aiming: Magic Dart (safe; 1% risk of failure)
Press: ? - help, Shift-Dir - straight line, f - orc
Aim: an orc, wielding a +0 morningstar (100% to hit)
The magic dart hits the orc.
The orc misses you. 😮 MP[-1]
You lost 1 mp, and now have 11/12 mp.
Unknown command.
Casting: Magic Dart (safe; 1% risk of failure)
Confirm with . or Enter, or press ? or * to list all spells.
Aiming: Magic Dart (safe; 1% risk of failure)
Press: ? - help, Shift-Dir - straight line, f/p - orc
Aim: an orc, wielding a +0 morningstar (heavily wounded, 100% to hit)
The magic dart hits the orc!
You kill the orc!
The orc hits you with a +0 flail!
* * * LOW HITPOINT WARNING * * *
😨 HP[-9] MP[-1]
You take 9 damage, and now have 7/24 hp.
MASSIVE DAMAGE!! (PAUSE)
You lost 1 mp, and now have 10/12 mp.
Casting: Magic Dart (safe; 1% risk of failure)
Confirm with . or Enter, or press ? or * to list all spells.
Aiming: Magic Dart (safe; 1% risk of failure)
Press: ? - help, Shift-Dir - straight line, f - orc
Aim: an orc, wielding a +0 flail and wearing a +0 ring mail (100% to hit)
The magic dart hits the orc.
The orc hits you with a +0 flail!
You die...

Skill      XL: |  1  2  3  4 |
---------------+-------------+-----
Stealth        | 3 |  3.7
Dodging        | 3 |  3.5
Hexes          | 1 |  1.5
Spellcasting   | 4 |  4.0
Conjurations   | 5 |  5.0

Action                     |  1- 3 |  4- 6 || total
---------------------------+-------+-------++-------
  Melee: Whip              |       |     2 ||     2
   Cast: Magic Dart        |    88 |    33 ||   121
    Use: Potion            |       |     1 ||     1
 Armour: Robe              |     2 |     8 ||    10
  Dodge: Dodged            |     4 |     6 ||    10

Levels and vault maps discovered:
D:1:      sevenhm_arrival_forest_fort_small_6, layout_loops_ring
D:2:      layout_loops_ring, hellmonk_ecumenical_altar_heavens_door,
          minmay_box_of_dots
D:3:      layout_rooms, uniq_robin, uniq_ijyb

Notes
Turn   | Place    | Note
-------+----------+-------------------------------------------
     0 | D:1      | Zonian the Deep Elf Conjurer began the quest for the Orb.
     0 | D:1      | Reached XP level 1. HP: 10/10 MP: 6/6
     0 | D:1      | magus.rc [v1.9.6]
     1 | D:1      | Found a radiant altar of Vehumet.
   209 | D:1      | Reached XP level 2. HP: 15/15 MP: 2/8
   505 | D:1      | You pick up a book of Callings and begin reading...
   505 | D:1      | You add the spells Summon Small Mammal, Call Canine
                  | Familiar and Summon Guardian Golem to your library.
   639 | D:1      | Reached skill level 3 in Stealth
  1068 | D:2      | Reached skill level 3 in Dodging
  1068 | D:2      | Reached XP level 3. HP: 19/19 MP: 8/10
  1071 | D:2      | Learned a level 2 spell: Searing Ray
  1075 | D:2      | Learned a level 3 spell: Dazzling Flash
  1348 | D:2      | Found a faded altar of an unknown god.
  1351 | D:2      | magus.rc [v1.9.6]
  1716 | D:2      | Reached skill level 1 in Hexes
  1761 | D:2      | Reached XP level 4. HP: 24/24 MP: 6/11
  2339 | D:3      | Reached skill level 4 in Spellcasting
  2339 | D:3      | Reached skill level 5 in Conjurations
  2398 | D:3      | Slain by an orc

Vanquished Creatures
  4 adders
  4 worms
  3 dart slugs
  3 orcs (D:3)
  6 endoplasms
  3 giant cockroaches
  4 goblins
  3 hobgoblins
  2 kobolds
  3 quokkas
  3 ball pythons
  8 bats
  3 frilled lizards
  7 rats
56 creatures vanquished.

Table legend:
 A = Non-vault XP
 B = Vault XP
 C = Vault XP percentage of total XP
 D = Non-vault monster count
 E = Vault monster count
 F = Vault count percentage of total count
                 A         B        C        D         E       F
            +---------+---------+-------+---------+---------+-------
      Total |     157 |       4 |   2.5 |      52 |       4 |   7.1
            +---------+---------+-------+---------+---------+-------
        D:1 |      36 |       0 |   0.0 |      21 |       0 |   0.0
        D:2 |      70 |       4 |   5.4 |      20 |       4 |  16.7
        D:3 |      51 |       0 |   0.0 |      11 |       0 |   0.0
            +---------+---------+-------+---------+---------+-------

Skill      XL: |  1  2  3  4 |
---------------+-------------+-----
Stealth        | 3 |  3.7
Dodging        | 3 |  3.5
Hexes          | 1 |  1.5
Spellcasting   | 4 |  4.0
Conjurations   | 5 |  5.0

Action                     |  1- 3 |  4- 6 || total
---------------------------+-------+-------++-------
  Melee: Whip              |       |     2 ||     2
   Cast: Magic Dart        |    88 |    33 ||   121
    Use: Potion            |       |     1 ||     1
 Armour: Robe              |     2 |     8 ||    10
  Dodge: Dodged            |     4 |     6 ||    10

Illustrated notes

Table legend:
 A = Kills in this place as a percentage of kills in the entire game.
 B = Kills by you in this place as a percentage of kills by you in the entire game.
 C = Kills by friends in this place as a percentage of kills by friends in the entire game.
 D = Other kills in this place as a percentage of other kills in the entire game.
 E = Experience gained in this place as a percentage of experience gained in the entire game.
 F = Experience gained in this place divided by the number of levels of this place that you have seen.
                   A       B       C       D       E      F
               +-------+-------+-------+-------+-------+----------------------
         Total | 100.0 | 100.0 |   N/A |   N/A | 100.0 |  53.7
       Dungeon | 100.0 | 100.0 |   N/A |   N/A | 100.0 |  53.7
               +-------+-------+-------+-------+-------+----------------------

Table legend: (Time is in decaauts)
 A = Elapsed time spent in this place.
 B = Non-inter-level travel time spent in this place.
 C = Inter-level travel time spent in this place.
 D = Time resting spent in this place.
 E = Time spent auto-exploring this place.
 F = Levels seen in this place.
 G = Mean time per level.
                   A        B        C        D        E       F      G
               +--------+--------+--------+--------+--------+-----+--------+
         Total |   2396 |   2328 |     68 |    195 |   1833 |   3 |  798.7 |
       Dungeon |   2396 |   2328 |     68 |    195 |   1833 |   3 |  798.7 |
               +--------+--------+--------+--------+--------+-----+--------+

Top non-repeatable levels by time:
     D:2: 1259 daAuts
     D:1: 983 daAuts
     D:3: 153 daAuts
